 Dungeon Crawl Stone Soup version 0.32-a0-986-ga09f62fbf4 (webtiles) character file.

Game seed: 17860701827389293924

37 DrKenneth the Covered (level 3, -7/33 HPs)
             Began as a Minotaur Fighter on Apr 22, 2024.
             Mangled by a gnoll
             ... wielding a +0 halberd
              (10 damage)
             ... on level 2 of the Dungeon.
             The game lasted 00:01:26 (717 turns).

DrKenneth the Covered (Minotaur Fighter)             Turns: 717, Time: 00:01:26

Health: -7/33      AC:  7    Str: 22    XL:     3   Next: 21%
Magic:  2/2        EV:  8    Int:  5    God:
Gold:   57         SH:  4    Dex:  9    Spells: 2/2 levels left

rFire   . . .        a - +0 war axe
rCold   . . .        c - +0 buckler
rNeg    . . .        b - +0 scale mail
rPois   .            (helmet restricted)
rElec   .            (no cloak)
rCorr   .            (no gloves)
SInv    .            (no boots)
Will    .....        (no amulet) Stlth
                     (no ring)
HPRegen 0.25/turn    (no ring)
MPRegen 0.08/turn

%: no passive effects
@: no status effects
A: horns 2, retaliatory headbutt
a: no special abilities


You were on level 2 of the Dungeon.
You visited 1 branch of the dungeon, and saw 2 of its levels.

You collected 57 gold pieces.

Inventory:

Hand Weapons
 a - a +0 war axe (weapon)
Armour
 b - a +0 scale mail (worn)
 c - a +0 buckler (worn)
Scrolls
 f - 3 scrolls of fog {unknown}
 g - a scroll of amnesia {unknown}
 h - a scroll of brand weapon {unknown}
Potions
 d - a potion of might
 e - a potion of invisibility {unknown}
 i - 3 potions of degeneration {unknown}
 j - a potion of magic {unknown}
 k - a potion of curing {unknown}


   Skills:
 + Level 4.1 Fighting
 + Level 3.0 Axes
 + Level 4.1 Armour
 + Level 4.1 Shields


You had 2 spell levels left.
You didn't know any spells.
Your spell library was empty.

Dungeon Overview and Level Annotations

Branches:
Dungeon (2/15)

Altars:

Shops:
D:1 [


Innate Abilities, Weirdness & Mutations

You have a pair of horns on your head.
You reflexively headbutt those who attack you in melee.


Message History

You see here a ribbon worm corpse.
You now have 57 gold pieces (gained 12).
k - a brown potion A gnoll comes into view.
It is wielding a +0 club.
The gnoll shouts!
A gnoll is nearby!
A kobold comes into view. It is wielding a +0 dagger.
A gnoll comes into view. It is wielding a +0 halberd.
The gnoll shouts!
You hear a shout!
The kobold throws a stone.
You block the stone.
A gnoll comes into view. It is wielding a +0 spear.
A ball python comes into view.
The ball python hisses angrily.
The gnoll hits you with a +0 club.
An endoplasm comes into view.
You barely miss the gnoll.
The endoplasm quivers.
You block the gnoll's attack. The gnoll hits you with a +0 club.
You block the gnoll's attack.
You closely miss the gnoll. You hit the ball python.
You kill the ball python!
The gnoll hits you with a +0 club. You block the gnoll's attack.
You slash the gnoll!
The gnoll is severely wounded.
You barely miss the kobold. The gnoll barely misses you.
The kobold hits you but does no damage.
The gnoll hits you from afar with a +0 halberd!
You block the gnoll's attack. The gnoll hits you but does no damage.
The gnoll barely misses you.
The gnoll hits you from afar with a +0 halberd!
* * * LOW HITPOINT WARNING * * *
The kobold hits you but does no damage.
The kobold throws a stone.
You block the stone. The gnoll attacks as it pursues you!
You block the gnoll's attack.
You closely miss the gnoll. Your headbutt misses the gnoll.
The gnoll is severely wounded.
The gnoll hits you with a +0 club.
* * * LOW HITPOINT WARNING * * *
The gnoll hits you from afar with a +0 halberd!
You die...

######## ###
###......###### ..
#.............. . #.
#.##.##........
....##.####.#...#........
.....Jgg@....._.....†....
......g####.#...#........
##..... #.##.##........
#.#... #............[. #
#... #######...[.... #...
#........ ##.. #########
... # #


You could see 3 gnolls and an endoplasm.

Vanquished Creatures
  A gnoll (D:1)
  A dart slug (D:1)
  A ribbon worm (D:2)
  3 ball pythons
  3 bats (D:1)
  2 endoplasms (D:1)
  A goblin (D:1)
  3 hobgoblins
  2 kobolds (D:1)
  A frilled lizard (D:2)
  6 rats (D:1)
24 creatures vanquished.

Notes
Turn   | Place    | Note
-------+----------+-------------------------------------------
     0 | D:1      | DrKenneth the Minotaur Fighter began the quest for the Orb.
     0 | D:1      | Reached XP level 1. HP: 19/19 MP: 0/0
   134 | D:1      | Reached XP level 2. HP: 25/27 MP: 1/1
   248 | D:1      | Found Joresh's Antique Armour Shop.
   447 | D:1      | Reached XP level 3. HP: 33/33 MP: 2/2
   693 | D:2      | Found a faded altar of an unknown god.
   717 | D:2      | Mangled by a gnoll

Illustrated notes

Levels and vault maps discovered:
D:1:      eino_arrival_water_star, layout_loops_ring, serial_shops,
          nicolae_shop_window_shopping
D:2:      cheibrodos_old_hovel, layout_basic, ebering_ecumenical_altar_box

Skill      XL: |  1  2 |
---------------+-------+-----
Fighting       | 4 |  4.1
Armour         | 4 |  4.1
Shields        | 4 |  4.1
Axes           | 3 |  3.0

Action                     || total
---------------------------++-------
  Melee: War axe           ||    47
         Headbutt          ||     6
 Armour: Scale mail        ||    39
  Dodge: Dodged            ||    16
  Block: Buckler           ||    17

Table legend: (Time is in decaauts)
 A = Elapsed time spent in this place.
 B = Non-inter-level travel time spent in this place.
 C = Inter-level travel time spent in this place.
 D = Time resting spent in this place.
 E = Time spent auto-exploring this place.
 F = Levels seen in this place.
 G = Mean time per level.
                   A        B        C        D        E       F      G
               +--------+--------+--------+--------+--------+-----+--------+
         Total |    735 |    656 |     79 |      0 |    519 |   2 |  367.5 |
       Dungeon |    735 |    656 |     79 |      0 |    519 |   2 |  367.5 |
               +--------+--------+--------+--------+--------+-----+--------+

Top non-repeatable levels by time:
     D:1: 622 daAuts
     D:2: 112 daAuts
